cohdb
Replays
Latest Replays
All Replays
Popular Replays
Top Player Replays
Match Explorer
How It Works
Community
CoH3 Stats
Reddit
Sign in to upload your games and track your stats! →
Sign in with Steam
Match 44760974
Unlisted
Match 44760974
Overview
Messages
Build Orders
End
Vickers Machine Gun Team
Construct Section Command Post
Infantry Section
Infantry Section
Infantry Section
Grenade Package
Construct Platoon Command Post
6-pounder Anti-tank Gun Team
CMP 15cwt Truck
6-pounder Anti-tank Gun Team
Infantry Training
Selects Air and Sea Battlegroup
Selects Supply Surplus
Selects UNKNOWN (223837)
Unlock Bishop Self-propelled Artillery
Selects Assault Flares
Bishop Self-propelled Artillery
Royal Engineer Section
Selects Assault Flares
Assault Flares
Royalarty
did u guys freeze
matrix4x4
7sv7jhgu
以德'扶'人
大魔王
March7th~ttv
祈鱼
0
0
Comments
sign in to comment!
No comments posted yet!